Map: [ESL] Glittering Ashes

Players

Nice - Winner!

  • Race: Protoss Protoss

Spirit

  • Race: Terran Terran

Event: IEM Katowice 2022

VOD

Have the link to the VOD?

Description

Time

  • Played on: Feb. 23, 2022, 12:26 p.m.
  • Length: 9:11

All games in this series

Show
View Real Time Build Order
Export as new Build Order

Nice Protoss - Winner!

Build Orders: 1 Gate Expand, Oracle Opening, Phoenix Opening 

Get SALT Encoding   

  12  0:00  Probe  
  13  0:12  Probe  
  14  0:19  Pylon  
  14  0:24  Probe  
  15  0:37  Gateway, Probe (Chrono Boost)  
  16  0:47  Assimilator  
  16  0:48  Probe (Chrono Boost)  
  17  0:52  Probe (Chrono Boost)  
  18  1:03  Probe  
  19  1:16  Probe  
  20  1:26  Cybernetics Core  
  20  1:32  Nexus  
  20  1:39  Pylon  
  20  1:46  Assimilator  
  20  1:47  Probe (Chrono Boost)  
  21  1:59  Probe (Chrono Boost)  
  22  2:03  Adept  
  22  2:07  Probe (Chrono Boost)  
  25  2:13  Probe  
  26  2:21  Stargate  
  26  2:25  Probe (Chrono Boost), Shield Battery  
  27  2:33  Adept  
  30  2:37  Probe (Chrono Boost)  
  30  2:40  Warp Gate  
  30  2:44  Probe (Chrono Boost)  
  31  2:45  Probe (Chrono Boost)  
  32  2:54  Probe (Chrono Boost)  
  32  2:55  Probe (Chrono Boost)  
  34  3:00  Probe  
  34  3:03  Probe  
  34  3:04  Adept  
  38  3:06  Oracle (Chrono Boost)  
  38  3:12  Probe  
  42  3:15  Probe  
  41  3:24  Probe  
  41  3:26  Pylon  
  42  3:28  Probe  
  43  3:36  Probe, Phoenix (Chrono Boost)  
  43  3:37  Pylon  
  46  3:44  Probe  
  46  3:46  Gateway  
  47  3:48  Probe  
  46  3:56  Probe  
  46  3:58  Gateway, Phoenix (Chrono Boost)  
  46  4:00  Probe  
  50  4:09  Probe  
  51  4:12  Probe  
  51  4:14  Pylon  
  51  4:16  Phoenix (Chrono Boost)  
  54  4:24  Nexus  
  54  4:26  Probe x2  
  56  4:34  Phoenix (Chrono Boost)  
  58  4:38  Probe x2  
  58  4:42  Forge  
  60  4:49  Twilight Council  
  60  4:50  Probe  
  60  4:51  Probe  
  62  4:59  Phoenix  
  64  5:03  Probe x2  
  64  5:04  Pylon  
  66  5:08  Pylon  
  66  5:09  Pylon  
  66  5:14  Gateway  
  66  5:15  Probe  
  66  5:17  Protoss Ground Weapons Level 1 (Chrono Boost)  
  66  5:21  Gateway, Charge (Chrono Boost)  
  67  5:29  Gateway  
  67  5:30  Gateway  
  67  5:31  Probe x2  
  69  5:38  Probe  
  70  5:43  Gateway, Probe x2  
  72  5:51  Probe, Shield Battery  
  72  5:53  Gateway  
  72  5:55  Probe  
  51  5:57  Phoenix  
  76  6:07  Pylon  
  76  6:09  Zealot x3  
  82  6:21  Pylon  
  82  6:22  Phoenix  
  84  6:27  Zealot x4  
  84  6:30  Gateway  
  92  6:40  Zealot x4  
  92  6:47  Phoenix  
  102  6:50  Zealot x4  
  110  7:01  Nexus  
  110  7:03  Probe x3  
  110  7:04  Pylon  
  113  7:12  Phoenix  
  113  7:15  Probe x3  
  118  7:17  Pylon x2  
  118  7:22  Zealot x3  
  124  7:27  Probe x3  
  127  7:39  Probe x3, Shield Battery  
  127  7:42  Pylon, Zealot x4  
  138  7:54  Zealot x5  
  148  8:04  Zealot x4  
  154  8:17  Phoenix (Chrono Boost)  
  130  8:25  Zealot x8  
  144  8:31  Probe x3  
  145  8:39  Phoenix (Chrono Boost)  
  116  8:56  Probe x2  
  116  8:57  Probe x2  
Show
View Real Time Build Order
Export as new Build Order

Spirit Terran 

Build Orders:  

Get SALT Encoding   

  12  0:00  SCV  
  13  0:12  SCV  
  14  0:17  Supply Depot  
  14  0:24  SCV  
  15  0:38  SCV  
  15  0:39  Barracks  
  16  0:45  Refinery  
  16  0:50  SCV  
  17  1:02  SCV  
  18  1:14  SCV  
  19  1:26  Marine  
  19  1:27  Orbital Command  
  20  1:45  Barracks Reactor  
  20  1:48  Command Center  
  20  1:53  SCV  
  21  1:58  Supply Depot  
  21  2:05  SCV  
  22  2:10  Factory  
  22  2:17  SCV  
  22  2:21  Marine  
  22  2:22  Marine  
  25  2:24  Bunker  
  26  2:30  SCV  
  26  2:39  Marine x2  
  26  2:42  SCV  
  29  2:55  Hellion  
  31  2:59  Starport, Marine x2  
  31  3:00  SCV  
  34  3:08  Orbital Command  
  34  3:12  SCV  
  35  3:17  Marine  
  35  3:18  Widow Mine  
  38  3:24  SCV  
  39  3:27  Refinery  
  39  3:28  Supply Depot  
  39  3:32  Marine  
  40  3:34  SCV  
  40  3:36  SCV  
  40  3:37  Medivac  
  40  3:41  Widow Mine  
  46  3:46  SCV  
  44  3:48  Marine  
  44  3:49  SCV  
  42  3:57  Barracks  
  42  3:59  Marine  
  42  4:01  Barracks  
  44  4:03  Factory Tech Lab  
  44  4:07  Viking  
  45  4:11  SCV x2  
  45  4:12  Marine  
  48  4:18  Supply Depot  
  48  4:20  Engineering Bay  
  48  4:23  SCV x2, Refinery  
  50  4:25  Marine  
  50  4:30  Supply Depot  
  51  4:35  SCV  
  52  4:38  Starport Tech Lab  
  52  4:39  SCV  
  53  4:47  SCV  
  53  4:51  SCV  
  53  4:52  Terran Infantry Weapons Level 1  
  51  4:53  Refinery  
  51  4:54  Missile Turret  
  51  4:55  Barracks Tech Lab  
  51  4:56  Stimpack  
  51  4:58  Marine  
  51  5:00  SCV  
  51  5:03  Missile Turret, SCV  
  51  5:06  Starport Reactor  
  52  5:07  Combat Shield  
  52  5:12  SCV  
  52  5:14  Marine, Marauder  
  56  5:15  SCV  
  56  5:16  Factory Reactor  
  56  5:22  Marauder  
  56  5:24  SCV  
  56  5:27  SCV  
  60  5:34  Supply Depot  
  60  5:35  Marauder, Marine  
  62  5:36  SCV  
  62  5:37  Supply Depot  
  62  5:39  SCV  
  63  5:43  Medivac x2  
  63  5:45  Marauder, Marine  
  70  5:55  Marine  
  70  5:56  Widow Mine x2  
  75  5:57  Supply Depot  
  75  6:00  Supply Depot, Marauder  
  77  6:09  Marine  
  77  6:10  Marauder  
  80  6:13  Marine  
  80  6:17  Widow Mine x2  
  85  6:21  Marauder  
  85  6:22  Medivac  
  85  6:23  Supply Depot  
  85  6:25  Supply Depot  
  89  6:27  Marine  
  89  6:31  Marine x2  
  92  6:35  Concussive Shells  
  88  6:42  Marine, Command Center  
  88  6:43  Medivac  
  88  6:45  Marine  
  92  6:49  Marauder  
  92  6:51  Terran Infantry Armor Level 1  
  94  6:58  Widow Mine x2  
  94  7:00  Marauder, Medivac  
  94  7:01  Supply Depot  
  102  7:02  Supply Depot  
  102  7:03  Marine  
  102  7:04  Marine  
  104  7:18  Barracks, Marine  
  104  7:19  Barracks  
  104  7:20  Marine  
  104  7:21  Widow Mine x2, Marine  
  111  7:29  Marine  
  112  7:36  Marauder  
  112  7:38  Marine  
  112  7:39  Marine  
  112  7:42  SCV x2  
  112  7:43  Widow Mine  
  118  7:46  Marine  
  118  7:48  Widow Mine  
  121  7:54  SCV x2  
  121  7:56  Marine  
  121  7:57  Marine, Marauder  
  127  8:04  Widow Mine, Marine  
  130  8:06  SCV  
  130  8:10  Widow Mine  
  130  8:11  SCV, Marine  
  127  8:14  Marine x2  
  127  8:15  Marine  
  113  8:21  Marine  
  113  8:22  Marine  
  113  8:25  Widow Mine  
  94  8:31  Widow Mine  
  94  8:32  Marine  
  94  8:33  Marine  
  80  8:40  Marauder, Marine  
  79  8:42  Barracks Reactor  
  79  8:43  Barracks Tech Lab  
  79  8:44  SCV  
  79  8:47  Widow Mine  
  79  8:49  Marine  

Tags
 
Add a new tag
Caveats
  • Supply blocks, unpowered buildings, or Contaminate may cause inaccurate times.
  • Supply counts are checked every 10 seconds.